 Dungeon Crawl Stone Soup version bcrawl-1.40.3b (webtiles) character file.

Game seed: 5529168615843758125

172783 Lazarus1551 the Magician (level 5, -1/39 HPs)
             Began as an Oni Earth Elementalist on Dec 12, 2023.
             Killed by divine providence
             ... invoked by an orc priest
              (10 damage)
             ... on level 3 of the Dungeon.
             The game lasted 00:07:05 (2021 turns).

Lazarus1551 the Magician (Oni Earth Elementalist)   Turns: 2021, Time: 00:07:05

Health: -1/39      AC:  4    Str: 12    XL:     5   Next: 50%
Magic:  13/13      EV: 13    Int: 17    God:
Gold:   125        SH:  0    Dex: 11    Spells: 5/12 levels left

rFire    . . .     GDR:     23% q - +2 mace (protect)
rCold    + . .     SeeInvis .   (no shield)
rNeg     . . .     Gourm    .   k - +1 leather armour {rC+}
rPois    .         Faith    .   (helmet restricted)
rElec    .         Spirit   .   (no cloak)
rCorr    .         Reflect  .   (no gloves)
MR       .....                  (no boots)
Stlth    +.........             (no amulet)
HPRegen  0.16/turn              f - +1 ring of evasion
MPRegen  0.13/turn              (no ring)

@: no status effects
A: oni magic, claws 1, fangs 1, horns 1
a: no special abilities


You were on level 3 of the Dungeon.
You were hungry.

You visited 1 branch of the dungeon, and saw 3 of its levels.

You collected 125 gold pieces.

Inventory:

Hand Weapons
 p - a +3 quarterstaff of chaos
 q - a +2 mace of protection (weapon)
Missiles
 b - 908 stones (quivered)
Armour
 c - a +0 animal skin
 k - a +1 leather armour of cold resistance (worn)
 n - a +0 cloak
Jewellery
 f - a +1 ring of evasion (left claw)
Scrolls
 g - a scroll of enchant weapon {unknown}
 h - a scroll of enchant armour {unknown}
 i - 2 scrolls of identify
 m - 2 scrolls of remove curse {unknown}
Potions
 a - a potion of agility {unknown}
 d - 2 potions of mutation {unknown}
 j - a potion of curing {unknown}
 l - a potion of degeneration {unknown}
 o - a potion of brilliance {unknown}
 r - a potion of might {unknown}
Comestibles
 e - 8 rations {!d}


   Skills:
 + Level 0.6 Fighting
 + Level 0.6 Armour
 + Level 2.4 Dodging
 - Level 1.7 Stealth
 - Level 1.2 Unarmed Combat
 * Level 4.1 Spellcasting
   Level 4.1 Conjurations
   Level 4.1 Hexes
   Level 4.1 Charms
   Level 4.1 Summonings
   Level 4.1 Necromancy
   Level 4.1 Translocations
   Level 4.1 Transmutations
   Level 4.1 Fire Magic
   Level 4.1 Ice Magic
   Level 4.1 Air Magic
   Level 4.1 Earth Magic
   Level 4.1 Poison Magic


You had 5 spell levels left.
You knew the following spells:

 Your Spells              Type           Power        Failure   Level  Hunger
a - Sandblast             Erth           ###...       2%          1    None
b - Call Canine Familiar  Summ           ###.....     9%          3    ###....
c - Stone Arrow           Conj/Erth      ###...       11%         3    ###....

Your spell library contained the following spells:

 Spells                   Type           Power        Failure   Level  Hunger
 Blink Other              Tloc           ###...       2%          1    None
 Passwall                 Tmut/Erth      ###.....     5%          2    None
 Petrify                  Tmut/Erth      ###.......   36%         4    #####..
 Lee's Rapid Deconstruct  Erth           ###.......   61%         5    ######.


Dungeon Overview and Level Annotations

Branches:
Dungeon (3/12)

Altars:
Nemelex Xobeh


Innate Abilities, Weirdness & Mutations

You learn spells by gaining experience, not through books or religion.
You only train spellcasting to practice magic.
You have sharp fingernails.
You have very sharp teeth.
You have a pair of small horns on your head.


Message History

The orc hits you but does no damage.
The orc priest calls upon Beogh to heal the orc.
The orc's wounds heal themselves!
You sock the orc! You headbutt the orc.
You kill the orc!
The orc priest invokes the aid of Beogh against you.
Beogh smites you!
You closely miss the orc. You headbutt the orc, but do no damage.
Your bite misses the orc. The orc barely misses you.
The orc priest hits you but does no damage.
You hit the orc.
The orc is heavily wounded.
The orc hits you with a +1 flail of protection!
The orc priest mumbles some strange prayers to Beogh against you.
Beogh smites you!
* * * LOW HITPOINT WARNING * * *
You see here a bat skeleton.
The orc priest mumbles some strange prayers to Beogh against you.
Beogh smites you!
You die...

#...........>..<#
#.......###<###.#
#.......##....#
#.......##....#
##########....#
#....# #...[#
##########....#
#..o.o.@....###
#o########### #.#
#o# #.# #o# #รท#
#o# #.#


You could see an orc wizard, an orc priest and an orc.

Vanquished Creatures
  Crazy Yiuf (D:2)
  An adder (D:3)
  2 oozes (D:2)
  2 worms
  4 dart slugs
  6 leopard geckos
  2 orcs (D:3)
  2 ball pythons (D:1)
  2 giant cockroaches
  10 goblins
  10 hobgoblins
  6 jackals
  8 kobolds
  9 bats
  4 frilled lizards (D:1)
  A jackal skeleton (D:2)
  5 rats
75 creatures vanquished.

Vanquished Creatures (collateral kills)
  Robin (D:2)
  4 goblins (D:2)
  3 jackals (D:2)
8 creatures vanquished.

Grand Total: 83 creatures vanquished

Notes
Turn   | Place    | Note
-------+----------+-------------------------------------------
     0 | D:1      | Lazarus1551 the Oni Earth Elementalist began the quest for
                  | the Orb.
     0 | D:1      | Reached XP level 1. HP: 14/14 MP: 6/6
   122 | D:1      | Reached XP level 2. HP: 15/20 MP: 7/7
   163 | D:1      | Reached skill level 3 in Spellcasting
   215 | D:1      | Reached XP level 3. HP: 11/26 MP: 5/9
   852 | D:2      | Reached XP level 4. HP: 32/33 MP: 11/11
  1111 | D:2      | Noticed Robin
  1144 | D:2      | Learned a level 3 spell: Call Canine Familiar
  1176 | D:2      | Killed Robin
  1385 | D:2      | Found a sparkling altar of Nemelex Xobeh.
  1439 | D:2      | Found a runed door.
  1470 | D:2      | Reached XP level 5. HP: 39/39 MP: 12/12
  1818 | D:2      | Learned a level 3 spell: Stone Arrow
  1818 | D:2      | Noticed Crazy Yiuf
  1826 | D:2      | Killed Crazy Yiuf
  1827 | D:2      | Reached skill level 4 in Spellcasting
  2021 | D:3      | Killed from afar by an orc priest

Skill      XL: |  1  2  3  4  5 |
---------------+----------------+-----
Spellcasting   | 3 4 |  4.1
Dodging        | 2 |  2.4
Fighting       | |  0.6
Armour         | |  0.6
Stealth        | |  1.7
Unarmed Combat | |  1.2
Conjurations   | |  4.1
Hexes          | |  4.1
Charms         | |  4.1
Summonings     | |  4.1
Necromancy     | |  4.1
Translocations | |  4.1
Transmutations | |  4.1
Fire Magic     | |  4.1
Ice Magic      | |  4.1
Air Magic      | |  4.1
Earth Magic    | |  4.1
Poison Magic   | |  4.1

Action                   |  1- 3 |  4- 6 || total
-------------------------+-------+-------++-------
Melee: Unarmed           |    97 |   105 ||   202
       Headbutt          |    13 |    18 ||    31
       Bite              |     7 |    11 ||    18
       Punch             |       |     1 ||     1
       Mace              |       |    12 ||    12
 Cast: Sandblast         |    12 |     9 ||    21
       Call Canine Famil |       |     2 ||     2
       Stone Arrow       |       |     2 ||     2
 Stab: Sleeping          |     6 |     2 ||     8
  Eat: Chunk             |     2 |     7 ||     9
Armor: Animal skin       |    11 |     4 ||    15
       Leather armour    |       |    22 ||    22
Dodge: Dodged            |    72 |    88 ||   160
